[Event "Portugal Open 2019"]
[Site "Lisbon"]
[Date "2019.02.05"]
[Round "5.23"]
[White "Li, Yunshan"]
[Black "Carrasco Martinez, Juan M."]
[Result "1/2-1/2"]
[ECO "A57"]
[WhiteElo "2196"]
[BlackElo "2380"]
[Annotator "RC"]
[PlyCount "128"]
[EventDate "2019.01.25"]
[EventType "swiss"]
[EventCountry "POR"]
[SourceTitle "playchess.com"]
[Source "ChessBase"]
[SourceQuality "1"]
[TimeControl "5400+30"]

1. d4 Nf6 2. c4 c5 3. d5 b5 4. cxb5 a6 5. e3 d6 6. Nc3 g6 7. Nf3 Bg7 8. a4 O-O 9. e4 Nbd7 10. Ra3 Ne8 11. Rb3 axb5 12. Bxb5 Ba6 13. O-O Bxb5 14. axb5 Nb6 15. Qc2 Nc7 16. Bf4 Qd7 17. Rd1 Ra5 18. e5 Rfa8 19. h4 Ra1 20. Kh2 Rxd1 21. Qxd1 Qf5 22. Bg3 dxe5 23. Ra3 Rd8 24. Qe1 f6 25. Ra7 Qc8 26. Nd2 Qb8 27. Qa1 Nc8 28. Ra5 Nd6 29. Qa4 Qb6 30. f4 exf4 31. Bxf4 f5 32. Nc4 Nxc4 33. Qxc4 Kf8 34. Ra1 Bd4 35. Rc1 Qf6 36. g3 Be5 37. Bxe5 Qxe5 38. Qxc5 Rxd5 39. Nxd5 Nxd5 40. Rc2 Qe4 41. Qc8+ Kg7 42. Qc4 Qf3 43. Qe2 Qb3 44. Rc5 Ne3 45. Rc3 Ng4+ 46. Kg1 Qb4 47. Kg2 Qd6 48. Rd3 Qc7 49. b6 Qc6+ 50. Kg1 Qxb6+ 51. Kf1 Qb7 52. Ke1 Qb4+ 53. Kd1 Qa4+ 54. Kd2 Qb4+ 55. Kc1 Nf6 56. Qe5 Kf7 57. Qc3 Qe4 58. Re3 Qh1+ 59. Re1 Qd5 60. Kc2 Qg2+ 61. Kb1 Ne4 62. Qc4+ Kf8 63. Qc8+ Kf7 64. Qc4+ Kf8 1/2-1/2

[Event "Portugal Open 2019"]
[Site "Lisbon"]
[Date "2019.02.05"]
[Round "5.25"]
[White "Miedema, David"]
[Black "Maisuradze, Nino"]
[Result "1-0"]
[ECO "B42"]
[WhiteElo "2356"]
[BlackElo "2186"]
[Annotator "RC"]
[PlyCount "139"]
[EventDate "2019.01.25"]
[EventType "swiss"]
[EventCountry "POR"]
[SourceTitle "playchess.com"]
[Source "ChessBase"]
[SourceQuality "1"]
[TimeControl "5400+30"]

1. e4 c5 2. Nf3 e6 3. d4 cxd4 4. Nxd4 a6 5. Bd3 Nc6 6. Nxc6 bxc6 7. O-O Bc5 8. Qg4 Qf6 9. Nc3 e5 10. Qg3 h6 11. Na4 Ba7 12. Be3 d6 13. Bc4 Be6 14. Bxe6 fxe6 15. Rad1 Bb8 16. f4 Ne7 17. fxe5 Qxe5 18. Qxe5 dxe5 19. Nc5 Ba7 20. Nxe6 Bxe3+ 21. Kh1 Bf4 22. Nc7+ Kf7 23. Nxa8 Rxa8 24. g3 g5 25. Rd6 Kg7 26. Re6 Ng6 27. Rd1 Nf8 28. Rxc6 Be3 29. Rc3 Bb6 30. Rb3 Bd4 31. c3 Be3 32. Rb7+ Kf6 33. Rd3 Bc5 34. b4 Be7 35. Rb6+ Kg7 36. Rb7 Ng6 37. Rd6 Rc8 38. Rxa6 Rxc3 39. a4 g4 40. Rxg6+ Kxg6 41. Rxe7 Rc1+ 42. Kg2 Rc2+ 43. Kg1 Rc1+ 44. Kf2 Kf6 45. Rd7 Rc4 46. Rd6+ Kg5 47. Rd2 Rxb4 48. Ra2 Rxe4 49. a5 Rc4 50. a6 Rc8 51. Ke3 Kf5 52. a7 Ra8 53. Ra6 h5 54. Ra5 h4 55. Ra6 hxg3 56. hxg3 e4 57. Ra5+ Ke6 58. Kxe4 Kd6 59. Kf4 Kc6 60. Kxg4 Kb7 61. Kf4 Rf8+ 62. Rf5 Rg8 63. Rf7+ Ka8 64. Rf6 Kxa7 65. g4 Kb7 66. g5 Kc7 67. Kf5 Kd7 68. Rf7+ Ke8 69. Ra7 Kf8 70. Ke4 1-0

[Event "Portugal Open 2019"]
[Site "Lisbon"]
[Date "2019.02.05"]
[Round "5.26"]
[White "Lisowski, Krzysztof"]
[Black "Rocha, Sergio"]
[Result "1/2-1/2"]
[ECO "B40"]
[WhiteElo "2135"]
[BlackElo "2354"]
[Annotator "NA RC"]
[PlyCount "95"]
[EventDate "2019.01.25"]
[EventType "swiss"]
[EventCountry "POR"]
[SourceTitle "playchess.com"]
[Source "ChessBase"]
[SourceQuality "1"]
[TimeControl "5400+30"]

1. e4 c5 2. Nf3 e6 3. g3 d5 4. exd5 Qxd5 (4... exd5 5. d4 Nf6 6. Bg2 Be7 7. O-O O-O 8. dxc5 Bxc5 9. Nc3 Nc6 10. a3 Re8 11. b4 Bb6 12. Bg5 d4 13. Bxf6 Qxf6 14. Nd5 Qd8 15. Nd2 Be6 16. Nf4 Bf5 17. Nd3 Qc7 {1-0 (33) Zvjaginsev,V (2642)-Rublevsky,S (2652) Tula 2019}) 5. Nc3 Qd8 6. d4 {[%emt 0:10:28] B40: Sicilian: 2...e6, Unusual lines} Nf6 7. Bg2 Nc6 8. dxc5 $146 ({Predecessor:} 8. Be3 Ng4 9. O-O Nxe3 10. fxe3 Be7 11. Ne4 Qa5 {½-½ (29) Horvath,Z (2381)-Tompa,J (2371) Hungary 2018}) 8... Qxd1+ 9. Nxd1 Bxc5 10. a3 Bd7 11. b4 Bd6 12. Bb2 Ke7 13. Ne3 Rhc8 14. O-O-O Bc7 15. Rhe1 Be8 16. Nf5+ Kf8 17. Nd6 Bxd6 $1 18. Rxd6 Ke7 19. Rdd1 a6 20. Nd4 Nxd4 21. Bxd4 Bc6 22. Bc5+ Ke8 23. Bf1 Be4 24. Rd2 Bc6 25. Bd3 Rd8 26. f4 g6 27. f5 gxf5 28. Bxf5 Rxd2 29. Kxd2 Rd8+ 30. Kc1 h5 31. Bd3 Nd7 32. Bd4 Ke7 33. Be2 e5 34. Bxh5 Ke6 35. g4 Rh8 36. Bc3 f6 37. Bd2 Nb6 38. Bf4 Nc4 39. Bg3 Rh6 $11 40. Bf2 Nxa3 41. Rd1 Be4 42. Bc5 Nc4 43. Rd8 Rh7 44. Re8+ Kd7 45. Rf8 Ke6 46. Re8+ Kd7 47. Rf8 Ke6 48. Re8+ 1/2-1/2

[Event "Portugal Open 2019"]
[Site "Lisbon"]
[Date "2019.02.05"]
[Round "5.27"]
[White "Froewis, Annika"]
[Black "Plichta, Kamil"]
[Result "0-1"]
[ECO "B03"]
[WhiteElo "2104"]
[BlackElo "2347"]
[Annotator "NA"]
[PlyCount "104"]
[EventDate "2019.01.25"]
[EventType "swiss"]
[EventCountry "POR"]
[SourceTitle "playchess.com"]
[Source "ChessBase"]
[SourceQuality "1"]
[TimeControl "5400+30"]

1. e4 Nf6 2. e5 Nd5 3. c4 Nb6 4. d4 d6 5. exd6 exd6 6. Nc3 Be7 7. Bd3 O-O 8. Nge2 Na6 9. b3 c6 10. O-O Nb4 11. Bb1 d5 12. c5 Nd7 13. a3 Na6 $1 14. b4 Nc7 15. Qd3 g6 16. Bc2 Nf6 17. Ng3 b6 18. Re1 bxc5 19. bxc5 Ba6 20. Qd2 Ne6 21. Na2 Bc4 22. Nb4 Qd7 23. Ba4 Rfc8 24. Bb2 Rab8 25. Bc3 Bf8 26. Rab1 Bg7 27. f3 $1 h5 28. Nh1 Kh7 29. Nf2 Ng8 30. Kh1 Ne7 31. Nh3 Bh6 32. Qc2 Nf5 33. Qf2 Bg7 34. Rxe6 fxe6 35. Ng5+ Kg8 36. Re1 a5 37. Nc2 (37. Nxc6 $17 Rxc6 38. Bxc6 Qxc6 39. g4 hxg4 40. fxg4) 37... Re8 38. g4 hxg4 39. fxg4 {[%emt 0:00:07] [#]} Nh6 $1 40. Qg3 Bb3 41. Bxb3 Rxb3 42. Qd3 Nf7 43. Nf3 e5 44. dxe5 Qxg4 45. Ncd4 Nxe5 46. Nxe5 Rxc3 47. Qxc3 Rxe5 48. Nxc6 $19 Re2 49. Ne7+ Rxe7 50. Qd2 Qf3+ 51. Kg1 Bd4+ 52. Qxd4 Rxe1# 0-1

[Event "Portugal Open 2019"]
[Site "Lisbon"]
[Date "2019.02.05"]
[Round "5.29"]
[White "Gjestemoen-VonHirsch, Andre"]
[Black "Pantzar, Milton"]
[Result "0-1"]
[ECO "A45"]
[WhiteElo "2038"]
[BlackElo "2331"]
[Annotator "NA RC"]
[PlyCount "60"]
[EventDate "2019.01.25"]
[EventType "swiss"]
[EventCountry "POR"]
[SourceTitle "playchess.com"]
[Source "ChessBase"]
[SourceQuality "1"]
[TimeControl "5400+30"]

1. d4 Nf6 2. Bf4 d5 3. e3 e6 4. Nf3 c5 {[%emt 0:00:21] LiveBook: 881 Games} 5. c3 Be7 6. Nbd2 O-O 7. Bd3 Nh5 8. Bg3 g6 9. Bxb8 Rxb8 10. g4 Nf6 11. Ne5 Nd7 12. h4 cxd4 13. cxd4 Nxe5 14. dxe5 d4 ({But not} 14... Bxh4 15. Qf3 $11) 15. g5 (15. e4 $15) 15... dxe3 16. Ne4 Qa5+ 17. Kf1 Qxe5 18. Qg4 Bd7 19. h5 (19. Re1 $142) 19... Bc6 20. Qh4 Bxe4 21. Bxe4 (21. Qxe4 $142 Qxb2 {[%mdl 64] Double Attack} 22. Kg2 Qxf2+ 23. Kh3) 21... Bxg5 22. Qg4 Qxb2 23. fxe3 Qxa1+ (23... f5 $142 24. Qe2 fxe4+ 25. Ke1 Qxa1+ 26. Qd1 Qf6 27. Qd4 Qf2+ 28. Kd1 Rfd8 29. Kc1 Rxd4 30. Kb1 Rb4+ 31. Kc1 Bxe3+ 32. Kd1 Rd8#) 24. Kg2 Qb2+ 25. Kh3 f5 26. Qxg5 fxe4 27. hxg6 Rf3+ 28. Kh4 Qf2+ 29. Kh5 Rf5 30. gxh7+ Kf7 0-1

[Event "Portugal Open 2019"]
[Site "Lisbon"]
[Date "2019.02.05"]
[Round "5.30"]
[White "Silva, Goncalo Nuno Neto P"]
[Black "Shailesh, Dravid"]
[Result "0-1"]
[ECO "B51"]
[WhiteElo "2027"]
[BlackElo "2324"]
[Annotator "NA RC"]
[PlyCount "82"]
[EventDate "2019.01.25"]
[EventType "swiss"]
[EventCountry "POR"]
[SourceTitle "playchess.com"]
[Source "ChessBase"]
[SourceQuality "1"]
[TimeControl "5400+30"]

1. e4 c5 2. Nf3 d6 3. Bb5+ Nd7 4. O-O Ngf6 5. Re1 a6 {[%emt 0:00:41] B51: Sicilian: Moscow Variation (3 Bb5+) without 3...Bd7} 6. Bd3 b5 (6... e6 7. a4 b6 8. b3 Bb7 9. Bb2 Be7 10. Na3 O-O 11. e5 Ne8 12. Nc4 d5 {½-½ (31) Amin,B (2709)-Saric,I (2692) Zagreb 2018}) 7. c4 b4 8. Bc2 {[%emt 0:07:48] LiveBook: 5 Games} e5 9. d3 $146 ({Predecessor:} 9. a3 bxa3 10. Rxa3 Be7 11. d3 O-O 12. Bd2 Qb6 {1-0 (44) Lagno,K (2543)-Ushenina,A (2501) Khanty-Mansiysk 2014}) 9... Rb8 10. Nbd2 g6 11. Nf1 Bg7 12. Ng3 O-O 13. Bg5 h6 14. Bd2 Nh7 15. Qc1 h5 16. a3 h4 17. Nf1 h3 18. g3 f5 19. Bd1 (19. Nh4 $11 {keeps the balance.}) 19... f4 20. axb4 cxb4 21. gxf4 {[%emt 0:12:01] [#]} (21. c5 $17 Nxc5 22. d4 exd4 23. Bxf4) 21... exf4 ({Better is} 21... Nc5 $1 $17 22. d4 Nd3) 22. Bxf4 Nc5 23. Qd2 {[%emt 0:00:36] [#]} Bxb2 $1 24. Qxb2 Nxd3 25. Qd2 Nxf4 26. c5 (26. e5 {was worth a try.} Ng2 27. Re4 (27. Qd5+ $2 Kh8 $19) 27... dxe5 28. Qxd8 Rxd8 29. N3d2) 26... dxc5 27. Bb3+ Kg7 28. Qb2+ Qf6 29. e5 Ne2+ 30. Qxe2 Qxf3 31. Qxf3 Rxf3 32. Ne3 Ng5 33. Rac1 Rf8 34. Red1 Nf3+ 35. Kh1 Nxe5 36. Rxc5 Bb7+ 37. Kg1 Nf3+ $19 38. Kf1 Nxh2+ 39. Ke1 Nf3+ 40. Ke2 h2 41. Rd7+ Kh8 0-1

[Event "Portugal Open 2019"]
[Site "Lisbon"]
[Date "2019.02.05"]
[Round "5.36"]
[White "Chylewski, Patryk"]
[Black "Thompson, Ian D"]
[Result "1/2-1/2"]
[ECO "C06"]
[WhiteElo "2304"]
[BlackElo "2122"]
[Annotator "RC"]
[PlyCount "92"]
[EventDate "2019.01.25"]
[EventType "swiss"]
[EventCountry "POR"]
[SourceTitle "playchess.com"]
[Source "ChessBase"]
[SourceQuality "1"]
[TimeControl "5400+30"]

1. e4 e6 2. d4 d5 3. Nd2 Nf6 4. e5 Nfd7 5. Bd3 c5 6. c3 Nc6 7. Ne2 cxd4 8. cxd4 f6 9. exf6 Qxf6 10. Nf3 h6 11. O-O Bd6 12. Be3 O-O 13. Rc1 Rf7 14. Bb5 Ndb8 15. Ng3 Bd7 16. Re1 Qd8 17. Qe2 Ne7 18. Bd2 Nbc6 19. Bc3 Rc8 20. Rcd1 Ng6 21. Bd2 Nh4 22. Nxh4 Qxh4 23. Be3 a6 24. Bxc6 Rxc6 25. Rc1 Rxc1 26. Rxc1 e5 27. dxe5 Bxe5 28. Bc5 Qf6 29. b3 Bc6 30. Nh5 Qg5 31. Be3 Qh4 32. Ng3 d4 33. Bd2 Qf6 34. f4 Bc7 35. Re1 Bb6 36. Kh1 Qd8 37. Qe6 Qd5 38. Qxd5 Bxd5 39. Re5 Bc6 40. Nf5 Kh7 41. Ne7 Bb5 42. Nd5 Bc7 43. Nxc7 Rxc7 44. Rd5 Rc2 45. Rxd4 Rxa2 46. Kg1 Bc6 1/2-1/2

[Event "Portugal Open 2019"]
[Site "Lisbon"]
[Date "2019.02.05"]
[Round "5.37"]
[White "Fernandes, Alberto"]
[Black "Ilic, Zoran S"]
[Result "1/2-1/2"]
[ECO "A01"]
[WhiteElo "2072"]
[BlackElo "2302"]
[Annotator "RC"]
[PlyCount "101"]
[EventDate "2019.01.25"]
[EventType "swiss"]
[EventCountry "POR"]
[SourceTitle "playchess.com"]
[Source "ChessBase"]
[SourceQuality "1"]
[TimeControl "5400+30"]

1. b3 e5 2. Bb2 d6 3. e4 Nf6 4. Nc3 g6 5. Nf3 Bg7 6. Be2 c5 7. O-O O-O 8. d3 Nc6 9. Nd2 Nd4 10. Nc4 b5 11. Ne3 Bb7 12. Ncd5 Nd7 13. c3 Ne6 14. Bf3 Bc6 15. g3 a5 16. a3 Nb6 17. Bg2 Bxd5 18. Nxd5 Nxd5 19. exd5 Nc7 20. d4 exd4 21. cxd4 Na6 22. Qe2 cxd4 23. Qxb5 Qb8 24. Qxa5 Nc5 25. Qb4 Nxb3 26. Qxb8 Rfxb8 27. Rad1 Ra4 28. f4 Nc5 29. Rf2 d3 30. Bxg7 Kxg7 31. Ra2 Rb3 32. Rda1 Rc3 33. Bf3 d2 34. Kf2 Rc1 35. Bd1 Re4 36. a4 Re1 37. Rxd2 Rxa1 38. Kxe1 Nxa4 39. Kf2 Nc5 40. Bf3 f5 41. h3 Kf6 42. g4 h6 43. Re2 Ra4 44. Kg3 Ra3 45. Kg2 Rd3 46. Kf2 Rd4 47. Kg3 Ne4+ 48. Bxe4 fxe4 49. Kf2 g5 50. Ke3 Rxd5 51. Kxe4 {Ke5+} 1/2-1/2

[Event "Portugal Open 2019"]
[Site "Lisbon"]
[Date "2019.02.06"]
[Round "6.11"]
[White "Pantzar, Milton"]
[Black "Yankelevich, Lev"]
[Result "0-1"]
[ECO "A21"]
[WhiteElo "2331"]
[BlackElo "2445"]
[Annotator "NA"]
[PlyCount "72"]
[EventDate "2019.01.25"]
[EventType "swiss"]
[EventCountry "POR"]
[SourceTitle "playchess.com"]
[Source "ChessBase"]
[SourceQuality "1"]
[TimeControl "5400+30"]

1. c4 e5 2. Nc3 d6 3. g3 f5 4. Bg2 Nf6 5. d3 g6 6. Nf3 Bg7 7. O-O O-O 8. Rb1 a5 9. a3 Nc6 10. b4 axb4 11. axb4 Nd4 {[%emt 0:11:01] [#]} (11... Qe7 $11 {remains equal.}) 12. Nxd4 $1 exd4 13. Nb5 Ne8 14. Bb2 c5 15. bxc5 dxc5 16. Ba3 Qe7 17. Ra1 Ra6 18. Qc2 ({Better is} 18. Re1 $11) 18... f4 $1 19. Ra2 h5 20. Bc1 fxg3 21. hxg3 h4 22. Bf4 g5 23. Bb8 Be5 24. Bd5+ Kg7 25. Bxe5+ Qxe5 26. e3 Rxa2 (26... hxg3 $142 27. Rxa6 bxa6 28. exd4 cxd4) 27. Qxa2 hxg3 28. exd4 cxd4 29. Qd2 Nf6 $11 (29... Bh3 $5 30. Bg2 Bxg2 31. Kxg2 gxf2 32. Rxf2 Rh8 $17) 30. Bg2 (30. Re1 $11 Qf5 31. Bg2) 30... Ng4 31. fxg3 Rxf1+ 32. Kxf1 Kh6 33. Kg1 Bf5 34. Bxb7 Qxg3+ 35. Qg2 Qe3+ 36. Kh1 Qe1+ 0-1

[Event "Portugal Open 2019"]
[Site "Lisbon"]
[Date "2019.02.06"]
[Round "6.12"]
[White "Shailesh, Dravid"]
[Black "Alshameary Puente, Ismael"]
[Result "0-1"]
[ECO "B96"]
[WhiteElo "2324"]
[BlackElo "2418"]
[Annotator "NA"]
[PlyCount "56"]
[EventDate "2019.01.25"]
[EventType "swiss"]
[EventCountry "POR"]
[SourceTitle "playchess.com"]
[Source "ChessBase"]
[SourceQuality "1"]
[TimeControl "5400+30"]

1. e4 c5 2. Nf3 d6 3. d4 cxd4 4. Nxd4 Nf6 5. Nc3 a6 6. Bg5 e6 7. f4 h6 8. Bh4 Be7 9. Qf3 Nc6 10. Nxc6 bxc6 11. e5 Nd5 12. Bxe7 Qxe7 13. Ne4 dxe5 14. fxe5 Qb4+ 15. c3 Qxb2 16. Nd6+ Ke7 17. Rd1 Qxc3+ 18. Qxc3 Nxc3 19. Rc1 (19. Rd3 $17 Nb5 20. Be2) 19... Nxa2 20. Rxc6 $19 Bd7 21. Rc7 f6 22. Bc4 fxe5 23. Bxa2 Kxd6 24. Rc2 Bb5 25. Kf2 Rac8 26. Rd2+ Ke7 27. Rhd1 Rhf8+ 28. Kg1 Rfd8 0-1

[Event "Portugal Open 2019"]
[Site "Lisbon"]
[Date "2019.02.06"]
[Round "6.24"]
[White "Pietruszewski, Marcin"]
[Black "Haug, Johannes"]
[Result "0-1"]
[ECO "B12"]
[WhiteElo "2226"]
[BlackElo "2403"]
[Annotator "ChessBase"]
[PlyCount "68"]
[EventDate "2019.01.25"]
[EventType "swiss"]
[EventCountry "POR"]
[SourceTitle "playchess.com"]
[Source "ChessBase"]
[SourceQuality "1"]
[TimeControl "5400+30"]

1. e4 c6 2. d4 d5 3. e5 Bf5 4. Nf3 e6 5. Be2 Ne7 6. O-O Nd7 7. Nbd2 h6 8. Nb3 Qc7 9. Bd2 a5 10. a4 g5 11. Re1 Bg7 12. c4 O-O 13. Bc3 f6 14. exf6 Bxf6 15. Bd3 dxc4 16. Bxc4 Nd5 17. Qd2 b6 18. Ne5 Rad8 19. Nxd7 Qxd7 20. Rad1 Kh8 21. Bd3 Nf4 22. Bxf5 exf5 23. f3 Qd5 24. Nc1 Rfe8 25. Rxe8+ Rxe8 26. Qc2 Kg7 27. Kf1 Qc4+ 28. Kf2 Nd5 29. Rd2 b5 30. Ne2 b4 31. b3 Rxe2+ 32. Rxe2 Qxc3 33. Qxf5 Qxd4+ 34. Ke1 Nf4 0-1

[Event "Portugal Open 2019"]
[Site "Lisbon"]
[Date "2019.02.06"]
[Round "6.26"]
[White "Carrasco Martinez, Juan M."]
[Black "Martins, Bruno Andre Leite"]
[Result "1-0"]
[ECO "B23"]
[WhiteElo "2380"]
[BlackElo "2204"]
[Annotator "NA"]
[PlyCount "73"]
[EventDate "2019.01.25"]
[EventType "swiss"]
[EventCountry "POR"]
[SourceTitle "playchess.com"]
[Source "ChessBase"]
[SourceQuality "1"]
[TimeControl "5400+30"]

1. e4 c5 2. Nc3 g6 3. f4 Bg7 4. Nf3 Nc6 5. Bb5 Nd4 6. a4 a6 7. Bc4 e6 8. d3 Ne7 9. e5 d6 10. exd6 Qxd6 11. Ne4 Qc7 12. c3 Ndf5 13. a5 O-O 14. O-O Nd5 15. Qe1 Nd6 16. Qh4 f5 (16... b5 $11 {remains equal.} 17. axb6 Nxb6) 17. Nxd6 Qxd6 18. Re1 Bd7 19. Ng5 h6 20. Nf3 Rae8 21. Qg3 Kh7 22. Ne5 Bxe5 23. Rxe5 g5 $16 (23... Bc6 $14) 24. fxg5 f4 25. g6+ Kg7 26. Qe1 Rf5 27. Rxf5 exf5 28. Qf2 Ne3 29. Bd2 Bc6 30. Bf7 Ng4 31. Bxf4 Nxf2 32. Bxd6 Re2 33. Kf1 Rxb2 34. Be5+ Kf8 35. Bc4 Bxg2+ 36. Ke1 Bd5 37. g7+ 1-0

[Event "Portugal Open 2019"]
[Site "Lisbon"]
[Date "2019.02.06"]
[Round "6.28"]
[White "Aguera Naredo, Javier"]
[Black "Lisowski, Krzysztof"]
[Result "0-1"]
[ECO "B31"]
[WhiteElo "2346"]
[BlackElo "2135"]
[Annotator "NA"]
[PlyCount "94"]
[EventDate "2019.01.25"]
[EventType "swiss"]
[EventCountry "POR"]
[SourceTitle "playchess.com"]
[Source "ChessBase"]
[SourceQuality "1"]
[TimeControl "5400+30"]

1. e4 c5 2. Nf3 Nc6 3. Bb5 g6 ({Predecessor:} 3... Nf6 4. d3 g6 5. Bxc6 dxc6 6. h3 {½-½ (52) Bisby,D (2339)-Buscar,M (2099) Reykjavik 2018}) 4. Bxc6 dxc6 5. d3 Bg7 6. h3 Nf6 7. Nc3 Nd7 8. Be3 e5 ({Predecessor:} 8... b6 9. Qd2 h6 10. O-O {½-½ (52) Bisby,D (2339)-Buscar,M (2099) Reykjavik 2018}) 9. Qd2 h6 {[%emt 0:01:41] B31: Sicilian: 2...Nc6 3 Bb5 g6} 10. O-O b6 11. a3 Nf8 12. b4 cxb4 $146 (12... Ne6 13. bxc5 f5 14. exf5 gxf5 15. Qe1 O-O 16. Rb1 e4 17. dxe4 {0-1 (36) Wang,H (2730)-Carlsen,M (2835) St Petersburg 2018}) 13. axb4 Ne6 14. Ra3 ({Predecessor:} 14. Na4 Nd4 15. Nxd4 exd4 {½-½ (52) Bisby,D (2339)-Buscar,M (2099) Reykjavik 2018}) 14... Nd4 15. Bxd4 exd4 16. Ne2 O-O 17. Rfa1 Qe7 18. Ng3 Rd8 19. Ra4 Be6 20. Ne2 Bc8 21. Qf4 a6 22. Qd2 Bb7 23. Rb1 Rac8 24. Qf4 b5 25. Ra2 c5 26. bxc5 Qxc5 27. Nc1 Qb6 28. Nb3 Rc3 29. Rba1 Rdc8 30. Ne1 R8c7 31. Qd2 Bc8 $11 32. Nc1 Ra7 33. Ne2 b4 34. Ra5 Rc5 35. Rxc5 Qxc5 36. f4 a5 37. Nf3 Rc7 38. e5 Qxc2 39. Qxc2 Rxc2 40. Nexd4 Rc5 41. Nb3 Rc3 42. Nxa5 Rxd3 43. Nc6 Bf8 44. Rb1 b3 45. Kf1 Bf5 46. Nh4 Be4 47. Na5 Rd5 0-1

[Event "Portugal Open 2019"]
[Site "Lisbon"]
[Date "2019.02.06"]
[Round "6.32"]
[White "Campora, Daniel H."]
[Black "Santos, Antonio P"]
[Result "1-0"]
[ECO "B51"]
[WhiteElo "2419"]
[BlackElo "2162"]
[Annotator "ChessBase"]
[PlyCount "87"]
[EventDate "2019.01.25"]
[EventType "swiss"]
[EventCountry "POR"]
[SourceTitle "playchess.com"]
[Source "ChessBase"]
[SourceQuality "1"]
[TimeControl "5400+30"]

1. e4 c5 2. Nf3 d6 3. Bb5+ Nd7 4. c3 Ngf6 5. Qe2 e6 6. d4 Be7 7. e5 dxe5 8. dxe5 Nd5 9. Bd3 Qc7 10. O-O a6 11. a4 b6 12. Re1 Bb7 13. Na3 O-O 14. Bd2 Rfd8 15. Rad1 c4 16. Nxc4 b5 17. axb5 axb5 18. Nd6 Nxe5 19. Nxb5 Nxf3+ 20. Qxf3 Qb6 21. Qg3 Ba6 22. c4 Bxb5 23. cxb5 Bf6 24. Bg5 Bxg5 25. Qxg5 h6 26. Qe5 Nf6 27. Be2 Qa5 28. Qc3 Qa7 29. Bf3 Rac8 30. Qa3 Qb6 31. Qa6 Rxd1 32. Rxd1 Rb8 33. Qxb6 Rxb6 34. Rd8+ Kh7 35. Bc6 g5 36. f3 Kg7 37. Kf2 Ng8 38. Re8 Nf6 39. Rc8 Nd5 40. Bxd5 exd5 41. Rc5 d4 42. Ke2 Kf8 43. Kd3 Rd6 44. Rc4 1-0

[Event "Portugal Open 2019"]
[Site "Lisbon"]
[Date "2019.02.06"]
[Round "6.35"]
[White "Thompson, Ian D"]
[Black "Pastar, Slaven"]
[Result "0-1"]
[ECO "A27"]
[WhiteElo "2122"]
[BlackElo "2330"]
[Annotator "NA"]
[PlyCount "63"]
[EventDate "2019.01.25"]
[EventType "swiss"]
[EventCountry "POR"]
[SourceTitle "playchess.com"]
[Source "ChessBase"]
[SourceQuality "1"]
[TimeControl "5400+30"]

1. c4 e5 2. Nc3 Nc6 3. Nf3 g6 4. d4 exd4 5. Nxd4 Bg7 6. Nxc6 bxc6 7. g3 Ne7 {A27: English Opening: Three Knights Variation} 8. Bg2 Rb8 $146 ({Predecessor:} 8... O-O 9. O-O d6 (9... Rb8 10. Qa4 d6 11. Qxa7 Be6 {1-0 (49) Ipatov,A (2614)-Annaberdiev,M (2439) Kocaeli 2014}) 10. Bg5 Be6 11. Qd3 Rb8 12. b3 c5 13. Rad1 h6 14. Bc1 Re8 15. Qd2 Kh7 16. Bb2 Ng8 17. Rfe1 Nf6 18. h3 {½-½ (33) So,W (2765)-Mamedyarov,S (2817) Kolkata 2018}) 9. Qa4 d6 10. Qxa7 Be6 11. Qa4 O-O 12. O-O Ra8 13. Qc2 Bxc4 14. Bg5 f6 15. Bd2 ({Predecessor:} 15. Bf4 Bf7 16. Rad1 Qb8 17. b3 Ra6 18. h4 {1-0 (49) Ipatov,A (2614)-Annaberdiev,M (2439) Kocaeli 2014}) 15... Rb8 16. Rfd1 c5 17. Rac1 Qe8 18. b3 Be6 19. Be1 Qf7 20. Nb1 Nd5 21. e4 Nb4 22. Qe2 h5 23. Nc3 Rbe8 24. Nb5 Nc6 25. b4 c4 26. Bc3 Ne5 27. Bxe5 fxe5 28. Rc3 $11 Ra8 29. Qc2 Ra6 30. Bf1 Rfa8 31. a4 Rxa4 32. Ra1 0-1

[Event "Portugal Open 2019"]
[Site "Lisbon"]
[Date "2019.02.06"]
[Round "6.37"]
[White "Bruaset, Eivind"]
[Black "Godzwon, Iwo"]
[Result "0-1"]
[ECO "B90"]
[WhiteElo "2124"]
[BlackElo "2322"]
[Annotator "NA"]
[PlyCount "116"]
[EventDate "2019.01.25"]
[EventType "swiss"]
[EventCountry "POR"]
[SourceTitle "playchess.com"]
[Source "ChessBase"]
[SourceQuality "1"]
[TimeControl "5400+30"]

1. e4 c5 2. Nf3 d6 3. d4 cxd4 4. Nxd4 Nf6 5. Nc3 a6 6. h3 e6 $146 ({Predecessor:} 6... Nc6 7. g4 h6 8. f4 e6 9. Bg2 Bd7 10. Be3 Be7 11. Qe2 Qc7 {½-½ (52) Smirin,I (2666)-Hartman,B (2405) ICC INT 2000}) 7. g4 h6 8. Bg2 Qc7 9. Be3 Nc6 10. Qe2 {B81: Sicilian Scheveningen: Keres Attack} Bd7 11. O-O-O Be7 12. f4 Nxd4 13. Bxd4 e5 14. Be3 Bc6 15. Qf2 (15. Kb1 $142) 15... Nd7 16. Nd5 Bxd5 17. Rxd5 Qc4 18. Kb1 Nf6 19. Rd3 Nxe4 20. Bxe4 Qxe4 21. Re1 Qc6 22. fxe5 dxe5 23. Qf5 Bf6 24. Rc3 Qd7 25. Bf4 Qxf5 26. gxf5 O-O 27. Bxe5 Rfe8 28. Rce3 Bg5 29. Re4 Rad8 30. Bd4 Rxe4 31. Rxe4 g6 32. c3 gxf5 33. Re1 Kh7 34. Rg1 f6 $11 (34... Re8 $17 35. h4 Be3 36. Rg7+ {[%mdl 64] Double Attack} Kh8 37. Rxf7+ Bxd4 38. cxd4 Rd8) 35. Kc2 Re8 36. Kd3 f4 37. a4 Re6 38. b4 Bh4 39. b5 Bg3 40. c4 Rd6 41. Rc1 Bf2 42. Ke4 Rxd4+ 43. Kf5 Be3 44. Rf1 Rxc4 45. Kxf6 Rxa4 46. bxa6 Rxa6+ 47. Kf5 b5 48. Ke4 b4 49. Rb1 Rb6 50. Rb3 Kg6 51. Kf3 Kf5 52. h4 h5 53. Ke2 Ke4 54. Kf1 Kf3 55. Rb2 b3 56. Rf2+ Ke4 57. Rb2 Bd4 58. Re2+ Kf5 0-1

[Event "Portugal Open 2019"]
[Site "Lisbon"]
[Date "2019.02.06"]
[Round "6.38"]
[White "Napoli, Nicolo"]
[Black "Jazdanovs, Aleksandrs"]
[Result "1-0"]
[ECO "A57"]
[WhiteElo "2316"]
[BlackElo "2100"]
[Annotator "NA"]
[PlyCount "91"]
[EventDate "2019.01.25"]
[EventType "swiss"]
[EventCountry "POR"]
[SourceTitle "playchess.com"]
[Source "ChessBase"]
[SourceQuality "1"]
[TimeControl "5400+30"]

1. d4 Nf6 2. c4 c5 3. d5 b5 4. Nf3 bxc4 5. Nc3 g6 ({Predecessor:} 5... d6 6. e4 {1-0 (52) Khamitskiy,S (2324)-Kalata,M (2151) Chojnice 2008}) 6. e4 d6 7. Bxc4 Bg7 8. e5 dxe5 9. Nxe5 O-O 10. O-O Nfd7 11. Nc6 $146 {[%emt 0:06:46] A57: Benko/Volga Gambit} (11. Nxf7 Rxf7 12. d6 Nb6 13. Bxf7+ Kxf7 14. Qf3+ Bf6 15. dxe7 Qxe7 16. Bg5 Kg7 17. Rfe1 Qf7 18. Ne4 Bxg5 19. Qxf7+ Kxf7 20. Nxg5+ {1-0 (32) Gasanov,E (2499)-Pogosyan,S (2365) St Petersburg 2018}) 11... Nxc6 12. dxc6 Nb6 13. Be2 Qc7 14. a4 ({Predecessor:} 14. Bf3 Ba6 15. Re1 Rad8 16. Qb3 Bc4 17. Qa3 Bd4 18. Bh6 Rfe8 {1-0 (52) Khamitskiy,S (2324)-Kalata,M (2151) Chojnice 2008}) 14... Bxc3 15. bxc3 Rd8 16. Qb3 Be6 17. Qb5 Rac8 18. a5 Nd5 19. Bf3 Qe5 20. Qxc5 Qxc3 21. Qxc3 Nxc3 22. Be3 Bd5 23. Bxd5 Nxd5 24. Bxa7 Rxc6 25. Rfd1 e6 26. Be3 Ra6 27. Bd2 f6 28. Kf1 e5 29. Ke2 Kf7 30. g3 Ke6 31. Rdc1 $11 Ne7 32. Rc7 Nc6 33. Bc3 h5 34. h4 Rd5 35. Rg7 Kf5 36. f3 Nd4+ 37. Bxd4 exd4 38. g4+ hxg4 39. fxg4+ Kxg4 40. Rxg6+ Kh5 41. Rg8 Raxa5 42. Rag1 d3+ 43. Kd2 Ra2+ 44. Kc3 Rc2+ 45. Kb3 Rb5+ 46. Ka4 1-0